Map: Invader LE

Players

jon - Winner!

  • Race: Terran Terran
  • League: Silver
  • Spawn Location: 7:00

Fropez

  • Race: Protoss Protoss
  • League: Silver
  • Spawn Location: 5:00

VOD

Have the link to the VOD?

Description

Time

  • Played on: April 16, 2016, 6:20 p.m.
  • Length: 7:12
Show
View Real Time Build Order
Export as new Build Order

jon Terran - Winner!

Build Orders:  

Get SALT Encoding   

  12  0:01  SCV  
  13  0:16  Supply Depot  
  13  0:18  SCV  
  14  0:30  SCV  
  15  0:39  Barracks  
  15  0:42  SCV  
  16  0:54  SCV  
  16  0:55  Supply Depot  
  17  1:02  Refinery  
  17  1:06  SCV  
  18  1:14  Refinery  
  18  1:18  SCV  
  19  1:30  SCV  
  20  1:42  SCV, Engineering Bay  
  20  1:45  Barracks Tech Lab  
  21  1:55  SCV  
  21  2:00  Factory  
  22  2:07  SCV  
  23  2:15  Stimpack  
  23  2:19  SCV  
  24  2:31  SCV  
  25  2:41  Marauder  
  27  2:52  Supply Depot  
  27  2:54  Starport  
  27  2:56  Factory Tech Lab  
  27  2:57  Barracks  
  27  3:04  Marauder  
  29  3:24  Siege Tank  
  32  3:36  Barracks  
  32  3:40  Bunker  
  32  3:46  Medivac  
  34  3:49  Barracks Reactor  
  34  4:00  Marine  
  35  4:09  Terran Infantry Weapons Level 1  
  35  4:10  Supply Depot  
  35  4:18  Marine  
  35  4:19  Siege Tank  
  39  4:25  Barracks Tech Lab  
  39  4:31  Supply Depot  
  39  4:35  Starport Reactor  
  39  4:36  Orbital Command  
  39  4:42  Marine  
  39  4:43  Marauder  
  42  5:01  Marine x2, Marauder  
  43  6:08  Marine x2, Marauder x2  
  49  6:21  Medivac x2  
  49  6:24  Command Center  
  53  6:38  Marauder x2  
  55  6:55  Supply Depot  
  55  6:57  Supply Depot  
Show
View Real Time Build Order
Export as new Build Order

Fropez Protoss 

Build Orders:  

Get SALT Encoding   

  12  0:02  Probe (Chrono Boost)  
  13  0:31  Pylon  
  13  0:35  Pylon  
  13  0:39  Probe (Chrono Boost)  
  14  0:53  Probe (Chrono Boost)  
  15  1:01  Gateway  
  16  1:04  Probe (Chrono Boost)  
  16  1:08  Pylon  
  16  1:15  Probe (Chrono Boost)  
  17  1:25  Probe (Chrono Boost)  
  18  1:36  Probe (Chrono Boost), Assimilator  
  19  1:41  Assimilator  
  19  1:50  Cybernetics Core, Zealot  
  22  1:54  Probe (Chrono Boost)  
  22  2:05  Probe (Chrono Boost)  
  23  2:15  Probe (Chrono Boost)  
  24  2:24  Forge  
  24  2:38  Probe (Chrono Boost)  
  25  2:49  Probe (Chrono Boost)  
  26  2:53  Nexus  
  26  2:59  Probe (Chrono Boost)  
  26  3:02  Protoss Ground Weapons Level 1 (Chrono Boost)  
  26  3:04  Stalker  
  29  3:06  Warp Gate (Chrono Boost)  
  29  3:10  Probe (Chrono Boost)  
  30  3:21  Pylon  
  30  3:24  Pylon  
  31  3:29  Mothership Core (Chrono Boost)  
  32  3:37  Stalker  
  34  3:50  Probe  
  35  3:58  Photon Cannon  
  35  4:00  Photon Cannon  
  35  4:02  Probe  
  36  4:14  Probe  
  37  4:24  Stalker  
  37  4:26  Probe  
  40  4:34  Pylon  
  40  4:37  Pylon  
  40  4:38  Probe  
  41  4:50  Pylon, Probe  
  42  4:56  Protoss Ground Armor Level 1 (Chrono Boost)  
  42  5:02  Probe  
  43  5:14  Probe  
  44  5:26  Probe  
  45  5:38  Probe  
  46  5:49  Nexus  
  46  5:51  Probe  
  46  5:52  Assimilator  
  46  5:55  Assimilator  
  45  6:02  Photon Cannon  
  41  6:05  Pylon  
  41  6:10  Photon Cannon  
  41  6:13  Stalker  
  43  6:28  Gateway  
  43  6:37  Probe  
  40  6:42  Gateway x2  
  40  6:45  Stalker  
  42  6:49  Probe  
  43  7:07  Photon Cannon  
Tags
 
Matchup
PvT
Replay Pack
All Mines
Spawn Locations
Close Positions
Add a new tag
Caveats
  • Supply blocks, unpowered buildings, or Contaminate may cause inaccurate times.
  • Supply counts are checked every 10 seconds.